 Dungeon Crawl Stone Soup version 0.29.0-10-g45618ea6d2 (webtiles) character file.

Game seed: 17022968553598916849

33 gelatine the Vexing (level 3, -1/26 HPs)
             Began as a Formicid Arcane Marksman on Sept 1, 2022.
             Slain by a worm (5 damage)
             ... on level 2 of the Dungeon.
             The game lasted 00:02:57 (1288 turns).

gelatine the Vexing (Formicid Arcane Marksman)      Turns: 1288, Time: 00:02:58

Health: -1/26      AC:  2    Str: 14    XL:     3   Next: 47%
Magic:  4/4        EV: 12    Int: 12    God:
Gold:   118        SH:  0    Dex: 16    Spells: 3/4 levels left

rFire   . . .      SeeInvis +   a - +1 sling
rCold   . . .      Faith    .   (no shield)
rNeg    . . .      Spirit   .   c - +0 robe
rPois   .          Reflect  .   (helmet unavailable)
rElec   .          Harm     .   (no cloak)
rCorr   .          Rampage  .   (no gloves)
Will    +....                   (no boots)
Stlth   +.........              (no amulet)
HPRegen 0.08/turn               o - ring of willpower
MPRegen 0.09/turn               (no ring)

@: no status effects
A: permanent stasis, dig shafts and tunnels, antennae 3, four strong arms
a: Dig, Shaft Self


You were on level 2 of the Dungeon.
You visited 1 branch of the dungeon, and saw 2 of its levels.

You collected 118 gold pieces.

Inventory:

Hand Weapons
 a - a +1 sling (weapon)
Armour
 c - a +0 robe (worn)
Jewellery
 o - a ring of willpower (left hand)
Scrolls
 b - 2 scrolls of poison
 d - a scroll of enchant weapon {unknown}
 e - a scroll of teleportation {unknown}
 f - a scroll of torment {unknown}
 h - a scroll of fear {unknown}
 k - 2 scrolls of blinking {unknown}
 l - a scroll of summoning {unknown}
 n - a scroll of butterflies {unknown}
Potions
 g - a potion of cancellation {unknown}
 i - 4 potions of mutation {unknown}
 j - 2 potions of heal wounds {unknown}
 m - a potion of curing {unknown}


   Skills:
 * Level 1.2 Fighting
 * Level 3.1 Ranged Weapons
 * Level 2.0 Dodging
 + Level 1.1 Spellcasting
 + Level 4.0 Hexes


You had 3 spell levels left.
You knew the following spells:

 Your Spells              Type           Power      Damage    Failure   Level
a - Slow                  Hex            40%        N/A       5%          1

Your spell library contained the following spells:

 Spells                   Type           Power      Damage    Failure   Level
 Ensorcelled Hibernation  Hex/Ice        10%        N/A       21%         2
 Inner Flame              Hex/Fire       5%         N/A       36%         3
 Portal Projectile        Hex/Tloc       10%        N/A       36%         3
 Passwall                 Tmut/Erth      0%         N/A       41%         2
 Cause Fear               Hex            5%         N/A       50%         4
 Anguish                  Hex/Necr       2%         N/A       78%         4
 Enfeeble                 Hex            5%         N/A       100%        7
 Swiftness                Air            Unusable   N/A       N/A         3

Dungeon Overview and Level Annotations

Branches:
Dungeon (2/15)

Altars:


Innate Abilities, Weirdness & Mutations

You cannot be hasted, slowed, berserked, paralysed or teleported.
You can dig through walls and to a lower floor.
You have a pair of large antennae on your head. (SInv)
Your four strong arms can wield two-handed weapons with a shield.


Message History

You shoot a sling bullet. The sling bullet hits the ball python.
The ball python is severely wounded.
You shoot a sling bullet. The sling bullet hits the ball python.
You kill the ball python!
You shoot a sling bullet. The sling bullet hits the worm.
The worm is lightly wounded.
You shoot a sling bullet.
The sling bullet barely misses the worm.
You shoot a sling bullet. The sling bullet hits the worm.
The worm is lightly wounded.
You shoot a sling bullet. The sling bullet hits the worm.
The worm is heavily wounded.
The worm bites you.
You shoot a sling bullet. The sling bullet hits the worm.
The worm is heavily wounded.
A rat comes into view.
The worm bites you!
You are too injured to fight recklessly!
You are too injured to fight recklessly!
You are too injured to fight recklessly!
Fire: a) +1 sling
Press: ? - help, Q - select action, (/) - cycle Shift-Dir - straight line, f/p - worm
Aim: a worm (heavily wounded, 78% to hit)
You shoot a sling bullet.
The sling bullet barely misses the worm.
The worm bites you!
* * * LOW HITPOINT WARNING * * *
Fire: a) +1 sling
Press: ? - help, Q - select action, (/) - cycle Shift-Dir - straight line, f/p - worm
Aim: a worm (heavily wounded, 78% to hit)
You shoot a sling bullet. The sling bullet hits the worm.
The worm is heavily wounded.
Unknown command.
Fire: a) +1 sling
Press: ? - help, Q - select action, (/) - cycle Shift-Dir - straight line, f/p - worm
Aim: a worm (heavily wounded, 78% to hit)
You shoot a sling bullet.
The sling bullet barely misses the worm.
The worm bites you.
You die...

#......# #.#
... #.###.##
#.# ..#
#.##..#
#.##.#
#.##.##
#.#..####
##.#..#
##........
###....##
####..#.#####
......##
#.....#.#
.##..##
#..#.....#
...<.... ....
#@#.###
.###...##{#..
#.w.....# ##
##..# ##
#†......# #
.## ........#
. .[
$#.......# #
.#.
#.#.......# .
#...<....# #.
#.........


You could see a worm.

Vanquished Creatures
  A worm (D:2)
  3 ball pythons
  3 endoplasms
  A giant cockroach (D:1)
  5 goblins (D:1)
  4 hobgoblins (D:1)
  2 quokkas (D:1)
  2 bats (D:1)
  2 frilled lizards (D:1)
  3 kobolds
  2 rats (D:1)
28 creatures vanquished.

Notes
Turn   | Place    | Note
-------+----------+-------------------------------------------
     0 | D:1      | gelatine the Formicid Arcane Marksman began the quest for
                  | the Orb.
     0 | D:1      | Reached XP level 1. HP: 15/15 MP: 2/2
    97 | D:1      | Reached skill level 4 in Hexes
   173 | D:1      | Reached XP level 2. HP: 21/21 MP: 3/3
   708 | D:1      | Reached XP level 3. HP: 26/26 MP: 4/4
  1288 | D:2      | Slain by a worm

Illustrated notes

Levels and vault maps discovered:
D:1:      minmay_arrival_up_and_down, layout_basic
D:2:      layout_rooms, hangedman_decor_points, minmay_pentomino_z4

Skill      XL: |  1  2  3 |
---------------+----------+-----
Hexes          | 4 |  4.0
Dodging        | 2 |  2.0
Ranged Weapons | 3 |  3.1
Fighting       | |  1.2
Spellcasting   | |  1.1

Action                   || total
-------------------------++-------
 Fire: Sling             ||   105
Armor: Robe              ||     4
Dodge: Dodged            ||    24
